 Dungeon Crawl Stone Soup version 0.30-a0-860-g512cf1e979 (webtiles) character file.

Game seed: 10541740164905339408

38 zenocrate the Insei (level 3, -5/23 HPs)
             Began as an Octopode Transmuter on Mar 7, 2023.
             Slain by Terence
             ... wielding a +0 falchion
              (11 damage)
             ... on level 2 of the Dungeon.
             The game lasted 00:01:58 (1086 turns).

zenocrate the Insei (Octopode Transmuter)           Turns: 1086, Time: 00:01:59

Health: -5/23      AC:  1    Str:  9    XL:     3   Next: 43%
Magic:  6/6        EV: 13    Int: 17    God:
Gold:   138        SH:  0    Dex: 12    Spells: 3/6 levels left

rFire   . . .      SeeInvis .      - Unarmed
rCold   . . .      Faith    .    (no shield)
rNeg    . . .      Spirit   .    (helmet currently unavailable)
rPois   .          Reflect  .    (no amulet)
rElec   .          Rampage  .    (no ring)
rCorr   .                        (no ring)
Will    .....                    (no ring)
Stlth   +++                      (no ring)
HPRegen 0.23/turn                (no ring)
MPRegen 0.10/turn                (no ring)
                                 (no ring)
                                 (no ring)

@: appendages (expiring)
A: tentacle spike 3, almost no armour, amphibious, 8 rings, camouflage 1,
gelatinous body 1, (nimble swimmer 1), tentacles
a: End Transformation


You were on level 2 of the Dungeon.
One of your tentacles had grown a beastly spike.
You visited 1 branch of the dungeon, and saw 2 of its levels.

You collected 138 gold pieces.

Inventory:

Armour
 f - a +0 kite shield
Jewellery
 d - a ring of fire
Scrolls
 c - a scroll of teleportation {unknown}
 h - a scroll of immolation {unknown}
Potions
 a - a potion of lignification
 b - a potion of curing
 e - a potion of might
 g - a potion of magic
 i - a potion of ambrosia {unknown}


   Skills:
 - Level 1.0 Fighting
 - Level 2.0 Dodging
 - Level 1.1 Stealth
 + Level 3.6 Unarmed Combat
 - Level 2.0 Spellcasting
 + Level 2.9 Transmutations


You had 3 spell levels left.
You knew the following spells:

 Your Spells              Type           Power      Damage    Failure   Level
a - Beastly Appendage     Tmut           22%        N/A       6%          1
b - Wereblood             Tmut           11%        N/A       9%          2

Your spell library contained the following spells:

 Spells                   Type           Power      Damage    Failure   Level
 Spider Form              Tmut/Pois      6%         N/A       32%         3
 Ice Form                 Ice/Tmut       6%         N/A       71%         4


Dungeon Overview and Level Annotations

Branches:
Dungeon (2/15)

Altars:

Annotations:
D:2 Terence


Innate Abilities, Weirdness & Mutations

One of your tentacles has grown a beastly spike.
You cannot wear most types of armour.
You are amphibious.
You can wear up to eight rings at the same time.
Your skin changes colour to match your surroundings (Stealth+).
Your rubbery body absorbs attacks. (AC +1, EV +1)
((You are camouflaged when in or above water. (Stealth+)))
You have tentacles for arms and can constrict up to eight enemies at once.


Message History

Terence is heavily wounded.
You constrict Terence, but do no damage.
Terence drinks a potion.
Terence is healed!
You tentacle-slap Terence but do no damage.
You pierce Terence.
Terence is moderately wounded.
You constrict Terence, but do no damage.
Terence closely misses you.
You tentacle-slap Terence but do no damage.
You squeeze Terence, but do no damage.
Terence is moderately wounded.
You constrict Terence, but do no damage.
You tentacle-slap Terence but do no damage.
Terence is moderately wounded.
You constrict Terence, but do no damage.
Terence hits you with a +0 falchion.
You tentacle-slap Terence.
Terence is moderately wounded.
You constrict Terence, but do no damage.
Terence closely misses you.
You tentacle-slap Terence.
Terence is heavily wounded.
You constrict Terence. Terence closely misses you.
The dart slug briefly extends its eye-stalks.
You tentacle-slap Terence but do no damage.
Terence is severely wounded.
You constrict Terence. Terence closely misses you.
You tentacle-slap Terence but do no damage.
You pierce Terence.
Terence is almost dead.
Your transformation is almost over.
You constrict Terence, but do no damage.
Terence hits you with a +0 falchion!
* * * LOW HITPOINT WARNING * * *
You tentacle-slap Terence but do no damage.
You pierce Terence, but do no damage.
Terence is almost dead.
You constrict Terence, but do no damage.
Terence hits you with a +0 falchion!
You die...

#########
.....w@.#
#@# #...#
####.###.#.#
+......#.#.#
####.#.#.#.#
#.#.#.#.#
#.#.#.#.#
..#.#.#†#
..#..<†.#
#..#######


You could see Terence and a dart slug.

Vanquished Creatures
  A dart slug (D:1)
  3 ball pythons
  4 bats (D:1)
  5 endoplasms (D:1)
  A giant cockroach (D:1)
  A goblin (D:1)
  5 hobgoblins (D:1)
  3 kobolds (D:1)
  A quokka (D:1)
  A frilled lizard (D:1)
  7 rats (D:1)
32 creatures vanquished.

Notes
Turn   | Place    | Note
-------+----------+-------------------------------------------
     0 | D:1      | zenocrate the Octopode Transmuter began the quest for the
                  | Orb.
     0 | D:1      | Reached XP level 1. HP: 13/13 MP: 3/3
   115 | D:1      | Reached skill level 1 in Stealth
   124 | D:1      | Reached XP level 2. HP: 18/18 MP: 3/5
   135 | D:1      | Learned a level 2 spell: Wereblood
   232 | D:1      | Reached XP level 3. HP: 21/23 MP: 3/6
  1070 | D:2      | Noticed Terence
  1086 | D:2      | Slain by Terence

Illustrated notes

Levels and vault maps discovered:
D:1:      onia_arrival_handbag, layout_basic, minmay_pentomino_t4
D:2:      layout_basic, uniq_terence, uniq_robin

Skill      XL: |  1 |
---------------+----+-----
Stealth        | 1 |  1.1
Fighting       | |  1.0
Dodging        | |  2.0
Unarmed Combat | |  3.6
Spellcasting   | |  2.0
Transmutations | |  2.9

Action                     || total
---------------------------++-------
  Melee: Unarmed           ||    73
         Kick              ||    26
         Tentacles         ||     9
         Constrict         ||    15
         Punch             ||     3
   Cast: Beastly Appendage ||    15
         Wereblood         ||     8
    Use: Scroll            ||     3
   Stab: Sleeping          ||     4
 Armour: Skin              ||     8
  Dodge: Dodged            ||    51

Table legend: (Time is in decaauts)
 A = Elapsed time spent in this place.
 B = Non-inter-level travel time spent in this place.
 C = Inter-level travel time spent in this place.
 D = Time resting spent in this place.
 E = Time spent auto-exploring this place.
 F = Levels seen in this place.
 G = Mean time per level.
                   A        B        C        D        E       F      G
               +--------+--------+--------+--------+--------+-----+--------+
         Total |   1081 |   1053 |     28 |      0 |    837 |   2 |  540.5 |
       Dungeon |   1081 |   1053 |     28 |      0 |    837 |   2 |  540.5 |
               +--------+--------+--------+--------+--------+-----+--------+

Top non-repeatable levels by time:
     D:1: 1044 daAuts
     D:2: 36 daAuts
